 Dungeon Crawl Stone Soup version 0.19-a0-1686-g35356ef (webtiles) character file.

38 st0uf the Chopper (level 3, -5/28 HPs)
             Began as a Demonspawn Gladiator on Sept 25, 2016.
             Slain by a gnoll
             ... wielding a +0 flail
              (9 damage)
             ... on level 1 of the Dungeon.
             The game lasted 00:03:21 (417 turns).

st0uf the Chopper (Demonspawn Gladiator)             Turns: 417, Time: 00:03:23

Health: -5/28      AC:  5    Str: 16    XL:     3   Next: 25%
Magic:  3/3        EV: 12    Int:  9    God:
Gold:   23         SH:  0    Dex: 13    Spells: 0 memorised, 2 levels left

rFire  . . .     SeeInvis .     a - +0 war axe
rCold  . . .     Gourm    .     b - +0 leather armour
rNeg   . . .     Faith    .     (no shield)
rPois  .         Spirit   .     c - +0 helmet
rElec  .         Dismiss  .     (no cloak)
rCorr  .         Reflect  .     (no gloves)
MR     .....     Harm     .     (no boots)
Stlth  +.........               (no amulet)
                                (no ring)
                                (no ring)

@: no status effects
A: powered by death 2
a: no special abilities


You were on level 1 of the Dungeon.
You were not hungry.

You visited 1 branch of the dungeon, and saw 2 of its levels.

You collected 23 gold pieces.

Inventory:

Hand Weapons
 a - a +0 war axe (weapon)
Missiles
 d - 3 throwing nets (quivered)
Armour
 b - a +0 leather armour (worn)
 c - a +0 helmet (worn)
Scrolls
 i - 2 scrolls of identify {unknown}
 k - a scroll of random uselessness {unknown}
Potions
 e - a potion of haste {unknown}
 j - 2 potions of berserk rage {unknown}
Comestibles
 f - 2 bread rations
 g - 2 chunks of flesh
 h - a meat ration


   Skills:
 * Level 2.6 Fighting
 * Level 3.1 Axes
 - Level 1.7 Throwing
 + Level 1.0 Armour
 + Level 2.9 Dodging


You had 2 spell levels left.
You didn't know any spells.

Dungeon Overview and Level Annotations

Branches:
Dungeon (2/15)

Altars:


Innate Abilities, Weirdness & Mutations

You regenerate health from kills.


Message History

You hit the rat.
You kill the rat!
The gnoll hits you with a flail! The gnoll barely misses you.
There is an open door here.
You closely miss the gnoll. The gnoll misses you.
You barely miss the gnoll. The gnoll closely misses you.
You barely miss the gnoll. The gnoll hits you but does no damage.
You barely miss the gnoll. The gnoll hits you with a flail!
Some of the chunks of flesh in your inventory have rotted away.
There is an open door here.
There is a stone staircase leading down here.
There is a stone staircase leading up here.
The gnoll hits you with a flail!
* * * LOW HITPOINT WARNING * * *
You climb upwards.
There is a stone staircase leading down here.
You slash the gnoll!
The gnoll is severely wounded.
The gnoll hits you with a flail!
You die...

........####. .>...#####..
..## .....## #.# ....
.#....####.# #..
P...#.#....### #..
.P≈≈.........# #.#
≈PPPP#####.#.# #.# ♣♣≈PP≈#
#.#..##.##### ♣≈≈≈P.#
#.##...@#... ♣♣♣≈≈≈##
#.....g##.####### ≈♣♣≈P..#
#.###...........## #
≈≈≈PP..###...#............#.##
≈.P≈P.....)))....#...........#
PP#...###........#.........# #
#...# #..................# .
#...# ##.....##..........# .
########.#.#####.........#


You could see a gnoll.

Vanquished Creatures
  A gnoll (D:2)
  An ooze (D:1)
  A dart slug (D:1)
  5 goblins
  3 kobolds (D:1)
  8 bats
  4 rats
23 creatures vanquished.

Notes
Turn   | Place    | Note
-------+----------+-------------------------------------------
     0 | D:1      | st0uf the Demonspawn Gladiator began the quest for the Orb.
     0 | D:1      | Reached XP level 1. HP: 16/16 MP: 1/1
   124 | D:1      | Gained mutation: You regenerate a little health from kills. [demonic ancestry]
   124 | D:1      | Reached XP level 2. HP: 22/22 MP: 2/2
   291 | D:1      | Reached skill level 1 in Armour
   291 | D:1      | Reached skill level 3 in Axes
   390 | D:2      | Gained mutation: You regenerate health from kills. [demonic ancestry]
   390 | D:2      | Reached XP level 3. HP: 26/28 MP: 3/3
   417 | D:1      | Slain by a gnoll

Vault maps used:
D:1:      dpeg_arrival_rooms_with_view, grunt_decor_arrowhead,
          serial_bayou_lagoon_a
D:2:      first_bread, corexii_item_surrounded_by_moat

Skill      XL: |  1  2 |
---------------+-------+-----
Armour         | 1 |  1.0
Axes           | 3 |  3.1
Fighting       | |  2.6
Throwing       | |  1.7
Dodging        | |  2.9

Action                   || total
-------------------------++-------
Melee: War axe           ||    76
 Stab: Sleeping          ||     1
Armor: Leather armour    ||    27
Dodge: Dodged            ||    76
